 Dungeon Crawl Stone Soup version 0.18.1-50-g88ac8fd (webtiles) character file.

3476 Gianozzolo the Transmogrifier (level 10, 0/82 HPs)
             Began as a Naga Transmuter on Nov 14, 2017.
             Was an Elder of Cheibriados.
             Slain by a yak (7 damage)
             ... on level 8 of the Dungeon.
             The game lasted 00:21:11 (7534 turns).

Gianozzolo the Transmogrifier (Naga Transmuter)     Turns: 7534, Time: 00:21:12

Health: 0/82       AC:  7    Str: 22    XL:     10   Next: 6%
Magic:  16/17      EV: 10    Int: 25    God:    Cheibriados [****..]
Gold:   767        SH:  0    Dex: 21    Spells: 3 memorised, 10 levels left

rFire  . . .     SeeInvis +       - Unarmed
rCold  . . .     Gourm    .     k - +0 leather armour
rNeg   . . .     Faith    .     (no shield)
rPois  +         Spirit   .     g - +1 helmet
rElec  .         Dismiss  .     (no cloak)
rCorr  .         Reflect  .     m - +0 pair of gloves
SustAt .         Harm     .     (no barding)
MR     +....                    (no amulet)
Stlth  +++.......               (no ring)
                                b - ring of stealth

@: about to teleport, very slow, somewhat resistant to hostile enchantments,
fairly stealthy
A: see invisible, deformed body, poison resistance, slowness 2, slow metabolism
1, spit poison 2, AC +3
a: Spit Poison, Bend Time, Temporal Distortion, Slouch, Renounce Religion


You were on level 8 of the Dungeon.
You worshipped Cheibriados.
Cheibriados was greatly pleased with you.
You were not hungry.

You visited 1 branch of the dungeon, and saw 8 of its levels.
You also visited: Ossuary.

You collected 866 gold pieces.
You spent 99 gold pieces at shops.

Inventory:

Armour
 g - a +1 helmet (worn)
 k - a +0 leather armour (worn)
 m - a +0 pair of gloves (worn)
Jewellery
 b - a ring of stealth (left hand)
Scrolls
 a - 2 scrolls of enchant armour
 e - a scroll of blinking {unknown}
 h - a scroll of fog {unknown}
 i - a scroll of remove curse
 n - a scroll of vulnerability {unknown}
 o - a scroll of immolation {unknown}
 p - 2 scrolls of recharging
 t - a scroll of teleportation
 w - a scroll of magic mapping
Potions
 d - 2 potions of experience
 j - 8 potions of curing
 l - a potion of cure mutation {unknown}
 s - 2 potions of might {unknown}
 x - 3 potions of brilliance
 z - 4 potions of lignification
 A - 2 potions of heal wounds {unknown}
 B - a potion of invisibility {unknown}
 C - a potion of cancellation {unknown}
 D - 2 potions of degeneration {unknown}
 E - a potion of flight {unknown}
 F - a potion of haste {unknown}
 G - 4 potions of agility {unknown}
Books
 c - a book of Changes

   Spells                             Type                      Level
   a - Beastly Appendage              Transmutation                1
   b - Sticks to Snakes               Transmutation                2
   c - Spider Form                    Transmutation/Poison         3
   d - Ice Form                       Ice/Transmutation            4
   e - Blade Hands                    Transmutation                5
Comestibles
 f - 3 meat rations
 q - 4 fruits
 r - 6 bread rations
 u - 3 royal jellies
 v - 4 chunks of flesh
 H - 3 beef jerkies
 I - 7 slices of pizza


   Skills:
 + Level 2.9 Fighting
 - Level 1.5 Dodging
 * Level 6.4 Unarmed Combat
 - Level 5.0 Spellcasting
 - Level 11.0 Transmutations
 - Level 2.0 Poison Magic
 + Level 2.5 Invocations


You had 10 spell levels left.
You knew the following spells:

 Your Spells              Type           Power        Failure   Level  Hunger
a - Beastly Appendage     Trmt           ######       1%          1    None
b - Spider Form           Trmt/Pois      #####.....   1%          3    ##.....
c - Blade Hands           Trmt           ######....   3%          5    #####..


Dungeon Overview and Level Annotations

Branches:
Dungeon (8/15)             Temple (0/1) D:6
   Lair: D:8-11

Altars:
Ashenzari
Cheibriados
Dithmenos
Fedhas
Makhleb
Nemelex Xobeh
Sif Muna
Trog
Vehumet
Xom
Zin
The Shining One

Shops:
D:8 *


Innate Abilities, Weirdness & Mutations

You cannot wear boots.
Your serpentine skin is tough (AC +3).
You have supernaturally acute eyesight.
Armour fits poorly on your strangely shaped body.
Your system is resistant to poisons.
You cover ground very slowly.
You have a slow metabolism.
You can spit poison.


Message History

You slash the yak! x2
The yak is heavily wounded.
Your hands revert to their normal proportions.
Your +0 pair of gloves unmelds from your body.
The yak bellows!
You hit the yak.
The yak is lightly wounded.
You hit the yak but do no damage.
The yak is lightly wounded.
The yak gores you!
Read which item? (? for menu, Esc to quit)
As you read the scroll of teleportation, it crumbles to dust.
You feel strangely unstable. The yak gores you!
* * * LOW HITPOINT WARNING * * *
You hit the yak.
The yak is moderately wounded.
The yak gores you!
* * * LOW HITPOINT WARNING * * *
The yak gores you!
You die...

#. ..Y... ... Y...#
#... #Y..#####
#..###........
#............
#....Y.###
...[!#.....Y####
.########.∩YYY.##
...###..###@.#
#......#....##
####.........#
##<........#
########†......#...#
#....##...##...#.....
#...))(..###...##..##.
#....##### ##### #.#
.......#


You could see 4 yaks and a sky beast.

Vanquished Creatures
  An unseen horror (D:7)
  Sigmund (D:5)
  2 yaks
  A hog (D:7)
  A human (D:7)
  A hippogriff (D:7)
  An ice beast (D:6)
  An orc warrior (D:8)
  5 ogres
  4 centaurs
  2 giant frogs
  A scorpion (D:7)
  2 howler monkeys (D:5)
  2 crimson imps
  3 giant frog skeletons
  5 hounds
  2 centaur skeletons
  An orc wizard (D:3)
  An iguana (D:5)
  4 worker ants
  2 sheep (D:7)
  A big kobold zombie (Ossuary)
  A hound zombie (D:5)
  A hound skeleton (D:4)
  8 mummies (Ossuary)
  Robin (D:3)
  2 howler monkey zombies
  6 adders
  A shadow imp (D:7)
  An ooze (D:3)
  2 adder skeletons
  2 worms
  4 dart slugs
  8 giant geckos
  12 orcs
  2 ball pythons
  8 bats
  6 giant cockroaches
  A gnoll zombie (Ossuary)
  11 goblins
  9 hobgoblins
  7 jackals
  A giant gecko zombie (D:5)
  2 giant newts
  A hobgoblin zombie (Ossuary)
  A jackal zombie (D:6)
  4 kobolds
  3 kobold zombies (Ossuary)
  2 orc zombies (Ossuary)
  6 rats
157 creatures vanquished.

Notes
Turn   | Place    | Note
--------------------------------------------------------------
     0 | D:1      | Gianozzolo the Naga Transmuter began the quest for the Orb.
     0 | D:1      | Reached XP level 1. HP: 18/18 MP: 3/3
   105 | D:1      | Reached XP level 2. HP: 22/25 MP: 5/5
   768 | D:2      | Found a sparkling altar of Nemelex Xobeh.
   768 | D:2      | Found a glowing silver altar of Zin.
   769 | D:2      | Found a shadowy altar of Dithmenos.
   770 | D:2      | Found a shimmering altar of Xom.
   892 | D:2      | Reached skill level 3 in Transmutations
   892 | D:2      | Reached XP level 3. HP: 31/31 MP: 6/6
   897 | D:2      | Learned a level 3 spell: Spider Form
  1058 | D:2      | Found a bloodstained altar of Trog.
  1060 | D:2      | Found a deep blue altar of Sif Muna.
  1061 | D:2      | Found a glowing golden altar of the Shining One.
  1686 | D:3      | Reached skill level 1 in Poison Magic
  1686 | D:3      | Reached XP level 4. HP: 38/38 MP: 7/7
  1853 | D:3      | Noticed Robin
  1948 | D:3      | Killed Robin
  1948 | D:3      | Reached skill level 4 in Transmutations
  1948 | D:3      | Reached XP level 5. HP: 38/44 MP: 2/8
  2108 | D:3      | Found a shattered altar of Ashenzari.
  2217 | D:3      | Found a snail-covered altar of Cheibriados.
  2261 | D:3      | Became a worshipper of Cheibriados the Contemplative
  2618 | D:4      | Found a radiant altar of Vehumet.
  2620 | D:4      | Found a burning altar of Makhleb.
  2632 | D:4      | Reached XP level 6. HP: 30/51 MP: 6/9
  2672 | D:4      | Reached skill level 5 in Transmutations
  3041 | D:4      | Reached * piety under Cheibriados
  3261 | D:5      | Entered Level 5 of the Dungeon
  3707 | D:5      | Reached skill level 5 in Unarmed Combat
  3707 | D:5      | Reached skill level 6 in Transmutations
  3707 | D:5      | Reached XP level 7. HP: 49/57 MP: 6/10
  3728 | D:5      | Noticed Sigmund
  3765 | D:5      | Killed Sigmund
  3765 | D:5      | Reached skill level 7 in Transmutations
  4007 | D:4      | Learned a level 5 spell: Blade Hands
  4416 | D:5      | Reached XP level 8. HP: 62/64 MP: 7/11
  4584 | D:5      | Reached skill level 8 in Transmutations
  4670 | D:6      | Found a blossoming altar of Fedhas.
  4719 | D:6      | Found a staircase to the Ecumenical Temple.
  4741 | D:6      | Reached skill level 9 in Transmutations
  4753 | D:6      | Found a sand-covered staircase.
  4791 | Ossuary  | Entered an ossuary
  4814 | Ossuary  | Reached ** piety under Cheibriados
  5857 | D:7      | Noticed a yak
  5864 | D:7      | Reached XP level 9. HP: 48/70 MP: 7/13
  5870 | D:7      | Reached skill level 10 in Transmutations
  5879 | D:7      | Reached *** piety under Cheibriados
  5989 | D:7      | Noticed an unseen horror
  6000 | D:7      | Killed an unseen horror
  6000 | D:7      | Reached skill level 11 in Transmutations
  6376 | D:7      | Reached skill level 1 in Invocations
  6956 | D:7      | Reached skill level 5 in Spellcasting
  7320 | D:8      | Found Kusomos's Assorted Antiques.
  7340 | D:8      | Reached XP level 10. HP: 19/81 MP: 11/17
  7512 | D:8      | Bought a scroll of teleportation for 99 gold pieces
  7519 | D:8      | Reached **** piety under Cheibriados
  7534 | D:8      | Slain by a yak

Skill      XL: |  1  2  3  4  5  6  7  8  9 |
---------------+----------------------------+-----
Transmutations | 3 4 6 7 9 11 | 11.0
Poison Magic   | 1 2 |  2.0
Unarmed Combat | 4 5 6 |  6.4
Spellcasting   | 3 5 |  5.0
Invocations    | 2 |  2.5
Fighting       | 2 |  2.9
Dodging        | |  1.5

Action                   |  1- 3 |  4- 6 |  7- 9 | 10-12 || total
-------------------------+-------+-------+-------+-------++-------
Melee: Unarmed           |    51 |   191 |   270 |    11 ||   523
       Punch             |       |     1 |     6 |     1 ||     8
 Cast: Beastly Appendage |     1 |       |       |       ||     1
       Spider Form       |       |    14 |    10 |       ||    24
       Blade Hands       |       |       |    12 |     1 ||    13
 Abil: Spit Poison       |    22 |    16 |    10 |       ||    48
  Use: Scroll            |       |     6 |     7 |     1 ||    14
       Potion            |       |       |     1 |       ||     1
 Stab: Sleeping          |       |     3 |       |       ||     3
       Distracted        |       |       |     1 |       ||     1
  Eat: Chunk             |     2 |     7 |    14 |       ||    23
       Fruit             |       |     1 |     1 |       ||     2
Armor: Robe              |     1 |       |       |       ||     1
       Leather armour    |    10 |    46 |    74 |       ||   130
       Skin              |       |     6 |     6 |       ||    12
Dodge: Dodged            |    31 |   106 |   181 |     6 ||   324
